 Dungeon Crawl Stone Soup version 0.27-a0-409-gd57800a693 (webtiles) character file.

Game seed: 8670324312909230755

8 Chiseanne the Skirmisher (level 2, 23/23 HPs)
             Began as a Demonspawn Wanderer on Feb 23, 2021.
             Quit the game on level 1 of the Dungeon.
             The game lasted 00:00:40 (382 turns).

Chiseanne the Skirmisher (Demonspawn Wanderer)       Turns: 382, Time: 00:00:41

Health: 23/23      AC:  5    Str: 12    XL:     2   Next: 0%
Magic:  3/3        EV: 10    Int: 15    God:
Gold:   0          SH:  0    Dex: 10    Spells: 3/3 levels left

rFire    . . .     SeeInvis .   a - +0 hand crossbow
rCold    . . .     Faith    .   (no shield)
rNeg     . . .     Spirit   .   j - +0 ring mail
rPois    .         Reflect  .   (no helmet)
rElec    .         Harm     .   (no cloak)
rCorr    .         Rampage  .   (no gloves)
Will     .....                  (no boots)
Stlth    +.........             (no amulet)
HPRegen  0.07/turn              (no ring)
MPRegen  0.08/turn              (no ring)

@: no status effects
A: talons 1
a: no special abilities


You were on level 1 of the Dungeon.
You visited 1 branch of the dungeon, and saw 1 of its levels.

Inventory:

Hand Weapons
 a - a +0 hand crossbow (weapon)
 c - a +0 short sword
Missiles
 d - 12 bolts (quivered ammo)
 i - 16 stones
Armour
 e - a +0 robe
 j - a +0 ring mail (worn)
Jewellery
 f - a ring of protection from fire {unknown}
Scrolls
 b - a scroll of teleportation {unknown}
 h - a scroll of identify {unknown}
Potions
 g - a potion of attraction {unknown}


   Skills:
 * Level 2.3 Fighting
 - Level 1.0 Crossbows
 * Level 0.2 Armour
 * Level 0.8 Dodging
 - Level 1.0 Stealth
 - Level 1.0 Shields
 - Level 1.0 Spellcasting
 - Level 2.0 Hexes
 - Level 2.1 Necromancy


You had 3 spell levels left.
You didn't know any spells.
Your spell library contained the following spells:

 Spells                   Type           Power        Failure   Level
 Corona                   Hex            6%           24%         1
 Sandblast                Erth           0%           50%         1
 Ensorcelled Hibernation  Hex/Ice        6%           50%         2
 Confusing Touch          Hex            6%           58%         3
 Tukima's Dance           Hex            6%           58%         3
 Dazzling Flash           Conj/Hex       6%           73%         3
 Stone Arrow              Conj/Erth      0%           86%         3


Dungeon Overview and Level Annotations

Branches:
Dungeon (1/15)

Altars:


Innate Abilities, Weirdness & Mutations

You have sharp toenails.


Message History

Okay, then.
You shoot a bolt.
The bolt closely misses the giant cockroach.
You shoot a bolt. The bolt hits the giant cockroach!
You kill the giant cockroach!
No target in view!
No target in view!
No target in view!
No target in view!
No target in view!
No target in view!
No target in view!
No target in view!
No target in view!
No target in view!
No target in view!
No target in view!
No target in view!
No target in view!
No target in view!
No target in view!
No target in view!
No target in view!
No target in view!
No target in view!
d - 14 bolts (gained 1)
d - 15 bolts (gained 1)
A goblin comes into view. It is wielding a +0 dagger.
You shoot a bolt. The bolt hits the goblin.
The goblin is severely wounded.
You shoot a bolt. The bolt closely misses the goblin.
You shoot a bolt. The bolt hits the goblin!
You kill the goblin!
You have reached level 2!
Your demonic ancestry asserts itself...
Your toenails lengthen and sharpen.
No target in view!
No target in view!
No target in view!
Are you sure you want to abandon this character and quit the game? (Confirm with "yes".)

# ###### .....#####
.....+ ..# .....# #.#
.....###.###############
......................>#
......##.##.####@......#
#.....##.##.# #.......#
#.....##.##.# #.......#
##.##....##.# #(......#
#.##.#####.# #.......#
#..#.# #.# #.......# ##
#.# #.# #(.......
.(.######


There were no monsters in sight!

Vanquished Creatures
  A bat (D:1)
  A giant cockroach (D:1)
  A goblin (D:1)
  2 kobolds (D:1)
  3 rats (D:1)
8 creatures vanquished.

Notes
Turn   | Place    | Note
-------+----------+-------------------------------------------
     0 | D:1      | Chiseanne the Demonspawn Wanderer began the quest for the
                  | Orb.
     0 | D:1      | Chiseanne set off with the following items: a +0 hand
                  | crossbow, 20 bolts, a +0 robe; and the following spells
                  | available to memorise: Corona, Sandblast, Ensorcelled
                  | Hibernation, Confusing Touch, Tukima's Dance, Dazzling
                  | Flash, Stone Arrow
     0 | D:1      | Reached XP level 1. HP: 16/16 MP: 2/2
   382 | D:1      | Gained mutation: You have sharp toenails. [demonic
                  | ancestry]
   382 | D:1      | Reached XP level 2. HP: 23/23 MP: 3/3
   382 | D:1      | Quit the game

Illustrated notes

Levels and vault maps discovered:
D:1:      amcnicky_arrival_feature_with_door, layout_basic

Action                   || total
-------------------------++-------
 Fire: Hand crossbow     ||    22
Dodge: Dodged            ||     3

Table legend: (Time is in decaauts)
 A = Elapsed time spent in this place.
 B = Non-inter-level travel time spent in this place.
 C = Inter-level travel time spent in this place.
 D = Time resting spent in this place.
 E = Time spent auto-exploring this place.
 F = Levels seen in this place.
 G = Mean time per level.
                   A        B        C        D        E       F      G
               +--------+--------+--------+--------+--------+-----+--------+
         Total |    391 |    391 |      0 |     81 |    248 |   1 |  391.0 |
       Dungeon |    391 |    391 |      0 |     81 |    248 |   1 |  391.0 |
               +--------+--------+--------+--------+--------+-----+--------+

Top non-repeatable levels by time:
     D:1: 391 daAuts
